 Dungeon Crawl Stone Soup version 0.28.0-53-g5a82cb258f (webtiles) character file.

Game seed: 11069278093483822492

172 LustLizard the Magician (level 5, -12/35 HPs)
             Began as a Djinni Ice Elementalist on Aug 18, 2022.
             Killed from afar by a white imp (13 damage)
             ... with a puff of frost
             ... on level 3 of the Dungeon.
             The game lasted 00:05:53 (3834 turns).

LustLizard the Magician (Djinni Ice Elementalist)   Turns: 3834, Time: 00:05:54

Health: -12/35     AC:  2    Str:  9    XL:     5   Next: 83%
Gold:   151        EV: 12    Int: 17    God:
                   SH:  0    Dex: 13

rFire   + + .      SeeInvis +   u - +2 whip (elec)
rCold   x . .      Faith    .   (no shield)
rNeg    . . .      Spirit   .   a - +0 robe
rPois   ∞          Reflect  .   (no helmet)
rElec   .          Harm     .   (no cloak)
rCorr   .          Rampage  .   (no gloves)
Will    .....                   (boots unavailable)
Stlth   ++........              (no amulet)
HPRegen 0.11/turn               c - ring of see invisible
MPRegen 0.00/turn               (no ring)

@: flying
A: sickness immunity, fire resistance 2, cold vulnerability 1, float, innate
caster, HP casting, extra vitality 1
a: no special abilities


You were on level 3 of the Dungeon.
You visited 1 branch of the dungeon, and saw 3 of its levels.

You collected 151 gold pieces.

Inventory:

Hand Weapons
 b - a +0 dagger
 h - a +1 mace of venom
 m - a +1 hand axe of flaming
 u - a +2 whip of electrocution (weapon)
Missiles
 e - 7 boomerangs
 l - 50 stones
Armour
 a - a +0 robe (worn)
Jewellery
 c - a ring of see invisible (left hand)
 q - a ring of positive energy
Scrolls
 g - a scroll of enchant armour {unknown}
 i - 4 scrolls of identify {unknown}
 j - a scroll of fog {unknown}
 k - a scroll of fear {unknown}
 o - a scroll of magic mapping {unknown}
 s - a scroll of noise {unknown}
Potions
 d - a potion of curing {unknown}
 f - a potion of attraction {unknown}
 n - a potion of heal wounds {unknown}
 p - a potion of berserk rage {unknown}
 r - a potion of cancellation {unknown}
 t - a potion of brilliance {unknown}


   Skills:
 * Level 0.3 Maces & Flails
 - Level 2.1 Dodging
 * Level 3.6 Stealth
 * Level 4.3 Spellcasting


You couldn't memorise any spells.
You knew the following spells:

 Your Spells              Type           Power      Damage    Failure   Level
a - Freeze                Ice            72%        1d9       2%          1
b - Frozen Ramparts       Ice            36%        1d5       8%          3
c - Ozocubu's Armour      Ice            18%        N/A       8%          3
d - Hailstorm             Conj/Ice       18%        3d6       26%         4
e - Sandblast             Erth           36%        2d10      2%          1
f - Ensorcelled Hibernat  Hex/Ice        36%        N/A       4%          2
Your spell library was empty.

Dungeon Overview and Level Annotations

Branches:
Dungeon (3/15)

Altars:
Sif Muna
Trog

Annotations:
D:3 Grinder


Innate Abilities, Weirdness & Mutations

You are immune to sickness and miasma.
You are immune to poison.
Your flesh is very heat resistant. (rF++)
You are vulnerable to cold. (rC-)
You float through the air rather than walking.
You learn spells naturally, not from books.
Your magical power is your life essence.
You have superior vitality. (+4 MHP)


Message History

The gnoll is severely wounded.
The wall freezes the gnoll.
You kill the gnoll!
The frozen ramparts melt away.
There is an empty arch of ancient stone here.
A white imp comes into view.
Found Sif Muna's Tome of Translocation.
Found a shimmering blue altar of Sif Muna.
The white imp shouts!
The white imp hits you. The white imp freezes you.
You feel a terrible chill!
You hit the white imp.
The white imp is moderately wounded.
The white imp gestures at you. The puff of frost hits you!
You feel a terrible chill!
You hit the white imp but do no damage.
The white imp is moderately wounded.
The white imp hits you but does no damage.
You closely miss the white imp.
The white imp is moderately wounded.
The white imp gestures at you. The puff of frost hits you!
You feel a terrible chill!
* * * LOW HITPOINT WARNING * * *
You closely miss the white imp.
The white imp is moderately wounded.
The white imp gestures at you. The puff of frost misses you.
You barely miss the white imp.
The white imp is moderately wounded.
The white imp closely misses you.
Casting: Frozen Ramparts (dangerous; 8% risk of failure)
Confirm with . or Enter, or press ? or * to list all spells.
Aiming: Freeze (safe; 2% risk of failure)
Press: ? - help, Shift-Dir - straight line, f - white imp
Aim: a white imp (moderately wounded)
You freeze the white imp.
The white imp resists.
The white imp is heavily wounded.
* * * LOW HITPOINT WARNING * * *
The white imp gestures at you. The puff of frost hits you!
You feel a terrible chill!
You die...

#.#.#.#.#.#.#
.#.#.#.#.#.##
#.#.#.#.#.#.#
#.###..####.# .#
#...........# .#
#.#.....#.### ### .#
#.##..(##.# ##..# .#
##.#...#.##
##.5_####.# .#.##.##.#
##.@..##...#
.##.#.#.##
##...###....#
..#.###.#
#...###.....#
..##.#.##
#...#∩#...#..#
.###...#
#....###.[.##..# ##
##'##.....###...###..#
#
#...##...##....##....#
# #...##..#
#_).###....# #
#.⌠.####. #..#####...#


You could see a white imp.

Vanquished Creatures
  Terence (D:3)
  A gnoll (D:3)
  A howler monkey skeleton (D:3)
  4 adders
  A white imp (D:3)
  A worm (D:3)
  5 dart slugs
  4 ball pythons
  8 bats
  7 endoplasms
  2 giant cockroaches (D:1)
  6 goblins
  5 hobgoblins
  6 jackals (D:1)
  7 kobolds
  2 quokkas
  2 frilled lizards
  7 rats
70 creatures vanquished.

Notes
Turn   | Place    | Note
-------+----------+-------------------------------------------
     0 | D:1      | LustLizard the Djinni Ice Elementalist began the quest for
                  | the Orb.
     0 | D:1      | Reached XP level 1. HP: 15/15 MP: 0/0
   186 | D:1      | Reached XP level 2. HP: 10/21 MP: 0/0
   531 | D:1      | Reached XP level 3. HP: 5/25 MP: 0/0
   531 | D:1      | Learned a level 1 spell: Sandblast
  1118 | D:1      | Found a faded altar of an unknown god.
  2039 | D:2      | Reached XP level 4. HP: 27/31 MP: 0/0
  2636 | D:2      | Reached skill level 4 in Spellcasting
  3079 | D:3      | Noticed Grinder
  3164 | D:3      | Reached XP level 5. HP: 27/35 MP: 0/0
  3164 | D:3      | Learned a level 2 spell: Ensorcelled Hibernation
  3282 | D:3      | Noticed Terence
  3289 | D:3      | Killed Terence
  3780 | D:3      | Found a bloodstained altar of Trog.
  3834 | D:3      | Killed from afar by a white imp

Illustrated notes

Levels and vault maps discovered:
D:1:      dpeg_arrival_subterranean_lakeside_camping, layout_basic,
          shapermc_ecumenical_altar_petra
D:2:      layout_basic
D:3:      layout_rooms, nzn_overflow_gifts_of_might_and_magic,
          grunt_decor_clamped, minivault_23, uniq_grinder, uniq_terence

Skill      XL: |  1  2  3  4 |
---------------+-------------+-----
Stealth        | 2 3 |  3.6
Spellcasting   | 4 |  4.3
Maces & Flails | |  0.3
Dodging        | |  2.1

Action                   |  1- 3 |  4- 6 || total
-------------------------+-------+-------++-------
Melee: Dagger            |    11 |       ||    11
       Mace              |    41 |    50 ||    91
       Punch             |     1 |     1 ||     2
       Whip              |       |     8 ||     8
 Cast: Freeze            |    36 |    23 ||    59
       Frozen Ramparts   |     1 |     2 ||     3
       Ensorcelled Hiber |       |     1 ||     1
 Stab: Sleeping          |     4 |     5 ||     9
Armor: Robe              |    24 |     5 ||    29
Dodge: Dodged            |    63 |    42 ||   105
